 Dungeon Crawl Stone Soup version 0.27-a0-1200-g94dc6ad4cf (webtiles) character file.

Game seed: 9442314184268209639

5170 pokeman the Thaumaturge (level 10, -18/54 HPs)
             Began as a Deep Elf Hedge Wizard on May 30, 2021.
             Was a Priest of Vehumet.
             Killed by the air
             ... invoked by Gastronok
              (28 damage)
             ... on level 8 of the Dungeon.
             The game lasted 00:22:59 (8947 turns).

pokeman the Thaumaturge (Deep Elf Hedge Wizard)     Turns: 8947, Time: 00:23:00

Health: -18/54     AC: 10    Str:  7    XL:     10   Next: 34%
Magic:  18/29      EV: 17    Int: 23    God:    Vehumet [***...]
Gold:   426        SH:  0    Dex: 14    Spells: 18/35 levels left

rFire    + . .     SeeInvis .   h - staff of fire
rCold    . . .     Faith    .   (no shield)
rNeg     + . .     Spirit   .   H - +0 steam dragon scales
rPois    .         Reflect  .   G - +2 hat
rElec    .         Harm     .   E - +0 cloak
rCorr    .         Rampage  .   (no gloves)
Will     +....                  w - +0 pair of boots
Stlth    ++........             (no amulet)
HPRegen  0.18/turn              t - +4 ring of evasion
MPRegen  0.21/turn              A - ring of positive energy

@: no status effects
A: no striking features
a: Renounce Religion


You were on level 8 of the Dungeon.
You worshipped Vehumet.
Vehumet was most pleased with you.
You visited 2 branches of the dungeon, and saw 9 of its levels.

You collected 426 gold pieces.

Inventory:

Hand Weapons
 b - a +0 shortbow
 B - a +0 scythe of venom
 D - a +3 quarterstaff of chaos
 I - a +1 spear of distortion
 J - a +4 hand axe of electrocution
Missiles
 f - 2 throwing nets
 g - 191 arrows
 r - 61 bolts
Armour
 s - a +0 buckler
 w - a +0 pair of boots (worn)
 E - a +0 cloak (worn)
 G - a +2 hat (worn)
 H - +0 steam dragon scales (worn)
Magical Staves
 h - a staff of fire (weapon)
 C - a staff of earth
Jewellery
 t - a +4 ring of evasion (left hand)
 A - a ring of positive energy (right hand)
Scrolls
 a - 3 scrolls of amnesia
 d - 7 scrolls of teleportation
 j - 4 scrolls of noise
 l - a scroll of acquirement
 m - 3 scrolls of holy word
 n - a scroll of fog
 p - a scroll of magic mapping
 q - 2 scrolls of fear {unknown}
 u - 3 scrolls of enchant weapon
 y - 3 scrolls of enchant armour
Potions
 c - 3 potions of attraction {unknown}
 e - a potion of degeneration {unknown}
 i - a potion of lignification {unknown}
 k - 2 potions of curing {unknown}
 o - 3 potions of magic {unknown}
 v - a potion of cancellation {unknown}
 x - a potion of invisibility {unknown}
 z - a potion of haste {unknown}
 F - 5 potions of flight {unknown}


   Skills:
 + Level 2.4 Fighting
 - Level 4.0 Armour
 - Level 3.0 Dodging
 - Level 3.0 Stealth
 - Level 2.0 Shields
 * Level 13.0 Spellcasting
 + Level 7.5 Conjurations
 - Level 1.1 Summonings
 - Level 1.1 Translocations
 + Level 6.6 Fire Magic
 - Level 1.0 Air Magic
 - Level 1.1 Poison Magic
 - Level 2.0 Evocations


You had 18 spell levels left.
You knew the following spells:

 Your Spells              Type           Power      Damage    Failure   Level
a - Magic Dart            Conj           100%       1d8       1%          1
b - Mephitic Cloud        Conj/Pois/Air  29%        N/A       1%          3
c - Call Imp              Summ           20%        N/A       4%          2
d - Blink                 Tloc           N/A        N/A       4%          2
e - Conjure Flame         Conj/Fire      64%        6-21      1%          3
f - Foxfire               Conj/Fire      100%       2x1d9     1%          1
g - Fireball              Conj/Fire      32%        3d14      1%          5

Your spell library contained the following spells:

 Spells                   Type           Power      Damage    Failure   Level
 Airstrike                Air            9%         N/A       7%          4
 Inner Flame              Hex/Fire       45%        N/A       1%          3
 Sticky Flame             Conj/Fire      64%        2d8       1%          4
 Slow                     Hex            14%        N/A       6%          2
 Gell's Gravitas          Tloc           10%        N/A       8%          3
 Lesser Beckoning         Tloc           10%        N/A       8%          3
 Teleport Other           Tloc           20%        N/A       8%          3
 Manifold Assault         Tloc           20%        N/A       58%         5


Dungeon Overview and Level Annotations

Branches:
Dungeon (8/15)             Temple (1/1) D:4
   Lair: D:8-11

Altars:
Cheibriados
Dithmenos
Elyvilon
Fedhas
Gozag
Kikubaaqudgha
Makhleb
Nemelex Xobeh
Okawaru
Qazlal
Ru
Sif Muna
Trog
Uskayaw
Vehumet
Xom
Yredelemnul
Zin
The Shining One

Shops:
D:8 ?

Portals:
Abyss: D:4

Annotations:
D:8 Gastronok


Message History

Gastronok mumbles some strange words.
Gastronok puts on a burst of speed!
You swap places.
There is an open door here.
Your crimson imp closely misses the quokka.
You hit the quokka. You burn the quokka.
You kill the quokka!
The quokka's corpse disappears in a puff of smoke!
You swap places.
You close the door.
You swap places.
You hit the orc.
The orc is moderately wounded.
The orc hits you with a +0 flail.
Gastronok opens the door.
The orc completely misses you.
You barely miss the orc.
The orc is moderately wounded.
The orc closely misses you.
You completely miss the orc.
The orc is moderately wounded.
You hear the creaking of a distant portcullis.
The orc misses you.
Your crimson imp blinks!
You hit the orc but do no damage.
The orc is moderately wounded.
The orc misses you. Gastronok looks at you while chanting.
You barely resist.
Casting: Conjure Flame (safe; 1% risk of failure)
Confirm with . or Enter, or press ? or * to list all spells.
You blink.
Gastronok waves his eye-stalks in wide circles.
The air twists around and strikes you!!
* * * LOW HITPOINT WARNING * * *
Things that are here:
a +0 shortbow; a steam dragon corpse Gastronok waves his eye-stalks in wide circles.
The air twists around and strikes you!!
Ouch! That really hurt!
You die...

#...# #..##..#*,* #........
##### #..##).#*,* #........
#<.#...#*,* #........
##.######.###########..#
#........#........##..#
****##########........##.##
*,,,**................##.#*
*,,,**.#######.wo5....##[#*
*,,,**,#..@.)..##'######.#*
*,,,**,#.#####.##w# #.#*
*,,,**,#.# #.##.######.#,
*,,,,,,#.# #.##.o..5...#,
**,*****#.#####.#####.....#,
*,,,,,,*#w##........#...###.
******,*#.##........'.......
*,*#r##........#...##..
######+##.##........#...#*,.


You could see Gastronok (swift), an orc (ally target) and a friendly crimson imp
(summoned).

Vanquished Creatures
  Harold (D:8)
  Pikel (D:8)
  2 small abominations (D:4)
  Sigmund (D:5)
  A wraith (D:7)
  2 steam dragons
  Menkaure (D:6)
  Duvessa (D:5)
  A sky beast (D:6)
  A hornet zombie (D:6)
  2 orc warriors
  2 black bears
  2 ogres
  3 centaurs
  Blork the orc (D:4)
  3 bullfrogs
  2 scorpions
  2 wyvern zombies
  Dowan (D:5)
  A water moccasin skeleton (D:4)
  A howler monkey (D:6)
  The ghost of oc3rt the Caller, a weakling TeSu (D:4)
  4 centaur zombies
  2 bullfrog zombies
  3 hounds (D:5)
  A gnoll shaman (D:7)
  6 orc priests (D:7)
  2 jellies
  Crazy Yiuf (D:6)
  2 bullfrog skeletons
  5 iguanas
  4 orc wizards
  Robin (D:4)
  10 gnolls
  A howler monkey skeleton (D:3)
  8 adders
  A shadow imp (D:4)
  3 white imps
  2 ufetubi
  3 worms
  23 orcs
  4 endoplasms
  A giant cockroach (D:3)
  15 goblins
  12 hobgoblins
  7 jackals
  6 kobolds
  2 quokkas
  5 ball pythons
  5 bats
  3 frilled lizards
  3 rats (D:1)
178 creatures vanquished.

Vanquished Creatures (collateral kills)
  Joseph (D:8)
  A water moccasin (D:5)
2 creatures vanquished.

Vanquished Creatures (others)
  554 foxfires
554 creatures vanquished.

Grand Total: 734 creatures vanquished

Notes
Turn   | Place    | Note
-------+----------+-------------------------------------------
     0 | D:1      | pokeman the Deep Elf Hedge Wizard began the quest for the
                  | Orb.
     0 | D:1      | Reached XP level 1. HP: 10/10 MP: 7/7
    34 | D:1      | Found a faded altar of an unknown god.
   261 | D:1      | Reached XP level 2. HP: 16/16 MP: 4/9
   861 | D:1      | You fall into a shaft and drop 1 floor!
   955 | D:2      | Reached skill level 5 in Spellcasting
   955 | D:2      | Reached XP level 3. HP: 20/20 MP: 5/11
   959 | D:2      | Learned a level 3 spell: Mephitic Cloud
   962 | D:2      | Learned a level 2 spell: Call Imp
   965 | D:2      | Learned a level 2 spell: Blink
   969 | D:2      | Learned a level 3 spell: Conjure Flame
   971 | D:2      | Learned a level 1 spell: Foxfire
  1540 | D:2      | Reached skill level 1 in Armour
  1586 | D:2      | Reached skill level 1 in Fighting
  1592 | D:2      | Reached XP level 4. HP: 17/25 MP: 2/13
  2607 | D:3      | Reached skill level 6 in Spellcasting
  2607 | D:3      | Reached XP level 5. HP: 25/29 MP: 10/15
  2718 | D:3      | Found a shadowy altar of Dithmenos.
  2718 | D:3      | Found a hide-covered altar of Uskayaw.
  2726 | D:3      | Found a faded altar of an unknown god.
  2728 | D:3      | Found a sparkling altar of Nemelex Xobeh.
  2730 | D:3      | Found a stormy altar of Qazlal.
  2988 | D:4      | Reached skill level 1 in Fire Magic
  3007 | D:4      | Noticed a black bear
  3013 | D:4      | Killed a black bear
  3014 | D:4      | Reached skill level 1 in Evocations
  3014 | D:4      | Reached XP level 6. HP: 34/34 MP: 7/17
  3113 | D:4      | Reached skill level 1 in Air Magic
  3206 | D:4      | Found a staircase to the Ecumenical Temple.
  3213 | Temple   | Entered the Ecumenical Temple
  3317 | Temple   | Became a worshipper of Vehumet
  3414 | D:4      | Found a transporter.
  3414 | D:4      | Noticed a small abomination
  3442 | D:4      | Found a one-way gate to the infinite horrors of the Abyss.
  3442 | D:4      | Noticed oc3rt's ghost (weakling TeSu)
  3449 | D:4      | Found a transporter.
  3480 | D:4      | Noticed Blork the orc
  3494 | D:4      | Killed Blork the orc
  3495 | D:4      | Reached skill level 7 in Spellcasting
  3495 | D:4      | Reached skill level 1 in Poison Magic
  3630 | D:4      | Noticed Robin
  3638 | D:4      | Reached * piety under Vehumet
  3638 | D:4      | Offered knowledge of Shock by Vehumet.
  3640 | D:4      | Killed Robin
  3651 | D:4      | Reached XP level 7. HP: 35/38 MP: 5/20
  4143 | D:5      | Entered Level 5 of the Dungeon
  4249 | D:5      | Reached skill level 1 in Shields
  4501 | D:5      | Noticed Sigmund
  4506 | D:5      | Killed Sigmund
  4507 | D:5      | Reached skill level 8 in Spellcasting
  4544 | D:5      | Noticed Duvessa
  4544 | D:5      | Noticed Dowan
  4551 | D:5      | Killed Dowan
  4563 | D:5      | Killed Duvessa
  4598 | D:5      | Reached XP level 8. HP: 40/43 MP: 3/22
  4755 | D:5      | Reached skill level 9 in Spellcasting
  5094 | D:5      | Offered knowledge of Searing Ray by Vehumet.
  5291 | D:5      | Learned a level 5 spell: Fireball
  5304 | D:6      | Noticed Menkaure
  5312 | D:6      | Killed Menkaure
  5313 | D:6      | Reached skill level 5 in Conjurations
  5413 | D:6      | Reached ** piety under Vehumet
  5556 | D:6      | Reached skill level 10 in Spellcasting
  5807 | D:6      | Found a runed translucent door.
  5808 | D:6      | Noticed Crazy Yiuf
  5824 | D:6      | Killed Crazy Yiuf
  6024 | D:6      | Reached XP level 9. HP: 48/48 MP: 16/25
  6394 | D:6      | Reached skill level 11 in Spellcasting
  6783 | D:7      | Reached skill level 5 in Fire Magic
  6838 | D:7      | Offered knowledge of Poisonous Vapours by Vehumet.
  7651 | D:7      | Reached *** piety under Vehumet
  8322 | D:4      | Reached skill level 12 in Spellcasting
  8327 | D:4      | Killed oc3rt's ghost
  8327 | D:4      | Offered knowledge of Airstrike by Vehumet.
  8591 | D:8      | Identified a scroll of acquirement
  8601 | D:8      | Found Xibuups's Antique Armour Shop.
  8608 | D:8      | Found a burning altar of Makhleb.
  8609 | D:8      | Noticed Pikel
  8636 | D:8      | Killed Pikel
  8659 | D:8      | Reached XP level 10. HP: 53/53 MP: 24/28
  8668 | D:8      | Found Oniruptiaf's Magic Scroll Shop.
  8738 | D:8      | Noticed Harold
  8767 | D:8      | Killed Harold
  8852 | D:8      | Noticed Gastronok
  8852 | D:8      | Noticed Joseph
  8892 | D:8      | Killed Joseph
  8893 | D:8      | Reached skill level 13 in Spellcasting
  8947 | D:8      | Killed from afar by Gastronok

Illustrated notes

Levels and vault maps discovered:
D:1:      nicolae_arrival_somewhat_less_tricky_arrival, layout_basic,
          chequers_ecumenical_altar_simple_redux, minmay_quantized
D:2:      layout_rooms
D:3:      layout_rooms, chequers_temple_overflow_minitemple,
          minmay_misc_feat_square, kennysheep_generic_room_15
D:4:      layout_cave_pools, temple_green, gammafunk_ghost_abyssal_escape,
          ebering_dispersal_statue_hall, uniq_blork_the_orc, uniq_robin
D:5:      layout_cave_pools, minmay_pentangle, uniq_sigmund, uniq_duvessa
D:6:      layout_loops_ring, nrook_loot_triangle, minmay_quadrilaterals,
          uniq_crazy_yiuf_cottage, uniq_menkaure
D:7:      layout_basic
D:8:      layout_basic, overflow_temple_1_default, serial_shops,
          nicolae_shop_waterfront, shop, enter_bailey_4,
          ebering_ghost_disaster_area, nicolae_underground_beach, uniq_harold,
          uniq_gastronok, uniq_pikel, uniq_joseph, uniq_prince_ribbit1
Temple:   minmay_crystal_spiral_temple

Skill      XL: |  1  2  3  4  5  6  7  8  9 10 |
---------------+-------------------------------+-----
Spellcasting   | 5 6 7 8 10 12 13 | 13.0
Armour         | 1 2 3 4 |  4.0
Fighting       | 1 2 |  2.4
Conjurations   | 2 3 4 5 7 |  7.5
Dodging        | 3 |  3.0
Fire Magic     | 1 2 4 6 |  6.6
Evocations     | 1 2 |  2.0
Air Magic      | 1 |  1.0
Stealth        | 3 |  3.0
Poison Magic   | 1 |  1.1
Shields        | 2 |  2.0
Summonings     | |  1.1
Translocations | |  1.1

Action                   |  1- 3 |  4- 6 |  7- 9 | 10-12 || total
-------------------------+-------+-------+-------+-------++-------
Melee: Staff             |     6 |    15 |    60 |    11 ||    92
 Cast: Magic Dart        |    58 |     1 |     5 |       ||    64
       Foxfire           |    22 |    80 |   208 |     5 ||   315
       Conjure Flame     |       |     2 |    15 |     8 ||    25
       Mephitic Cloud    |       |     1 |     7 |     6 ||    14
       Blink             |       |       |     2 |     2 ||     4
       Call Imp          |       |       |     2 |     8 ||    10
       Fireball          |       |       |     7 |       ||     7
  Use: Scroll            |       |       |    10 |       ||    10
 Stab: Confused          |       |     1 |     3 |       ||     4
Armor: Robe              |     4 |     2 |       |       ||     6
       Leather armour    |       |     1 |    16 |       ||    17
       Steam dragon scal |       |       |    12 |       ||    12
Dodge: Dodged            |    16 |    16 |    92 |    15 ||   139

Table legend: (Time is in decaauts)
 A = Elapsed time spent in this place.
 B = Non-inter-level travel time spent in this place.
 C = Inter-level travel time spent in this place.
 D = Time resting spent in this place.
 E = Time spent auto-exploring this place.
 F = Levels seen in this place.
 G = Mean time per level.
                   A        B        C        D        E       F      G
               +--------+--------+--------+--------+--------+-----+--------+
         Total |   8967 |   8537 |    430 |    455 |   6549 |   9 |  996.3 |
       Dungeon |   8792 |   8431 |    361 |    455 |   6454 |   8 | 1099.0 |
        Temple |    174 |    105 |     69 |      0 |     95 |   1 |  174.0 |
               +--------+--------+--------+--------+--------+-----+--------+

Top non-repeatable levels by time:
     D:7: 1554 daAuts
     D:1: 1470 daAuts
     D:6: 1449 daAuts
     D:4: 1241 daAuts
     D:5: 1197 daAuts
     D:2: 770 daAuts
     D:3: 745 daAuts
     D:8: 363 daAuts
  Temple: 174 daAuts
